Map: Pillars of Gold LE

Players

ViBE - Winner!

  • Race: Terran Terran
  • League: Gold
  • Spawn Location: 7:00

EnriqueVPrz

  • Race: Protoss Protoss
  • League: Platinum
  • Spawn Location: 1:00

VOD

Have the link to the VOD?

Description

Time

  • Played on: March 24, 2021, 11:15 p.m.
  • Length: 15:50
Show
View Real Time Build Order
Export as new Build Order

ViBE Terran - Winner!

Build Orders:  

Get SALT Encoding   

  12  0:01  SCV  
  13  0:14  SCV  
  14  0:18  Supply Depot  
  14  0:26  SCV  
  15  0:40  SCV  
  15  0:41  Barracks  
  16  0:46  Refinery  
  16  0:52  SCV  
  18  1:04  SCV  
  18  1:16  SCV  
  19  1:29  Orbital Command  
  19  1:32  Marine  
  20  1:43  Command Center  
  20  1:50  Marine  
  21  1:55  Supply Depot  
  21  1:58  SCV  
  22  2:13  Factory  
  22  2:23  SCV  
  22  2:26  Barracks Reactor  
  23  2:35  SCV  
  24  2:47  SCV  
  25  2:59  SCV  
  25  3:00  Factory Tech Lab, Supply Depot  
  25  3:03  Barracks  
  25  3:04  Orbital Command  
  26  3:05  Marine  
  26  3:06  Marine  
  26  3:11  SCV  
  26  3:12  Refinery  
  29  3:24  SCV  
  29  3:25  Marine x2  
  29  3:26  Siege Tank  
  35  3:30  SCV  
  36  3:34  Supply Depot  
  36  3:40  SCV  
  37  3:43  SCV  
  38  3:51  Barracks Tech Lab  
  38  3:52  SCV  
  38  3:54  Starport  
  38  3:55  SCV  
  40  3:58  Supply Depot  
  40  4:03  Marine  
  40  4:04  SCV, Marine  
  40  4:07  SCV  
  44  4:16  SCV  
  45  4:19  SCV  
  45  4:23  Supply Depot  
  46  4:24  Marine x3  
  46  4:26  Siege Tank  
  46  4:27  Stimpack  
  46  4:28  SCV  
  54  4:31  SCV  
  54  4:36  Starport Reactor  
  54  4:41  SCV  
  54  4:43  SCV  
  56  4:46  Command Center  
  56  4:49  Marine x2  
  56  4:50  Marine  
  59  4:53  SCV  
  59  4:55  SCV  
  59  4:58  Supply Depot  
  61  5:01  Siege Tank  
  61  5:05  SCV  
  65  5:07  SCV  
  65  5:09  Refinery  
  65  5:11  Refinery  
  66  5:17  SCV, Marine x3  
  66  5:19  SCV, Medivac  
  73  5:29  SCV  
  73  5:30  Engineering Bay x2  
  73  5:31  SCV  
  75  5:37  Medivac  
  75  5:38  Marine x2  
  75  5:39  Marine  
  75  5:41  SCV  
  81  5:44  SCV  
  82  5:52  Barracks x2  
  82  5:53  SCV  
  82  5:56  SCV, Marine x2  
  86  5:59  Orbital Command  
  86  6:00  Marine  
  87  6:06  Terran Infantry Weapons Level 1  
  87  6:07  Terran Infantry Armor Level 1  
  87  6:14  Marine x2  
  87  6:17  Orbital Command  
  89  6:20  Marine  
  89  6:21  SCV x2  
  92  6:26  Armory  
  92  6:31  Marine  
  92  6:32  Marine  
  94  6:34  SCV x2  
  94  6:39  Barracks Reactor  
  96  6:40  Barracks Reactor  
  96  6:41  Marine  
  96  6:43  Medivac x2  
  101  6:52  Supply Depot  
  101  6:53  Supply Depot x2  
  101  6:55  SCV x3, Marine x2  
  101  6:57  Supply Depot x2  
  106  7:06  Marine  
  106  7:07  SCV  
  109  7:08  SCV  
  109  7:12  SCV  
  109  7:13  Marine x2  
  106  7:18  Marine x3, Command Center  
  106  7:19  SCV  
  106  7:20  SCV  
  107  7:24  SCV  
  106  7:31  SCV  
  106  7:32  SCV  
  106  7:33  Refinery  
  106  7:35  Refinery  
  106  7:36  SCV  
  104  7:39  Terran Vehicle Weapons Level 1  
  104  7:41  Combat Shield  
  104  7:42  Marine x2  
  104  7:43  Marine x5  
  110  7:44  Thor  
  110  7:46  Medivac  
  110  7:47  Medivac  
  120  7:54  Supply Depot  
  120  7:57  Supply Depot  
  120  7:58  SCV x3  
  123  8:10  SCV x3  
  126  8:14  Marine x4  
  126  8:15  Marine x3  
  126  8:19  Medivac x2  
  137  8:24  Command Center  
  137  8:25  SCV x2  
  137  8:26  SCV, Barracks  
  140  8:27  Barracks  
  140  8:30  Thor  
  140  8:32  Marine x2  
  140  8:33  Planetary Fortress  
  148  8:39  SCV x3  
  151  8:45  Supply Depot  
  151  8:46  Marine x5, Supply Depot  
  156  8:50  Marine, Medivac x2  
  156  8:52  Terran Infantry Weapons Level 2  
  156  8:55  Terran Infantry Armor Level 2  
  161  9:04  Marine x6  
  161  9:07  SCV x3  
  161  9:08  Marine  
  171  9:14  Barracks Reactor  
  171  9:15  Barracks Reactor  
  171  9:18  Thor  
  177  9:29  Marine x7  
  177  9:30  Medivac  
  177  9:31  Medivac  
  188  9:32  SCV x2  
  188  9:33  SCV  
  191  9:38  Planetary Fortress  
  191  9:48  Terran Vehicle Weapons Level 2, Marine, Command Center  
  191  9:49  Marine x6  
  191  9:51  Marine x2  
  200  10:05  Factory  
  200  10:07  Barracks  
  200  10:08  Starport, Barracks  
  200  10:09  Barracks  
  200  10:10  Barracks  
  200  10:12  Barracks  
  198  10:16  Barracks x2  
  198  10:17  Barracks  
  198  10:18  Barracks  
  198  10:20  Barracks x2  
  198  10:35  SCV x2  
  163  10:55  Factory Tech Lab  
  145  10:57  Starport Reactor  
  145  10:59  Barracks Tech Lab x4  
  145  11:00  Barracks Reactor  
  145  11:02  Barracks Reactor  
  145  11:03  Barracks Reactor x2  
  140  11:04  Barracks Reactor  
  140  11:10  Barracks Reactor x2  
  140  11:11  Marine x6  
  133  11:12  Terran Infantry Weapons Level 3  
  133  11:13  Terran Infantry Armor Level 3  
  133  11:16  Thor x2  
  149  11:29  Planetary Fortress  
  149  11:31  Command Center  
  149  11:33  Marauder x3  
  149  11:34  Marauder x2, Marine  
  149  11:35  Marine x9  
  156  11:48  Medivac  
  156  11:49  Medivac  
  156  11:52  Marine x6, Medivac  
  156  11:53  Marine x14  
  168  12:08  Command Center x2, Thor  
  166  12:10  Marauder x3  
  166  12:11  Marauder, Marine  
  166  12:12  Marine x7  
  182  12:15  Marine  
  182  12:16  Marine x4  
  182  12:19  Marine x6  
  182  12:21  Marine x2  
  195  12:23  Marauder  
  195  12:25  Medivac  
  195  12:26  Marine  
  200  12:48  Planetary Fortress  
  200  12:49  Command Center  
  200  12:50  Command Center  
  200  13:05  Terran Vehicle Weapons Level 3  
  199  13:30  Concussive Shells  
  183  13:36  Thor x2  
  183  13:37  Medivac  
  183  13:38  Medivac  
  173  13:42  Marauder x3  
  173  13:44  Marauder, Marine x4  
  173  13:45  Marine x18  
  173  13:46  Marine x3  
  200  13:50  Neosteel Armor, Hi-Sec Auto Tracking  
  197  14:03  Orbital Command  
  197  14:04  Orbital Command x3  
  197  15:10  Refinery x2  
  197  15:32  Refinery x2  
Show
View Real Time Build Order
Export as new Build Order

EnriqueVPrz Protoss 

Build Orders:  

Get SALT Encoding   

  12  0:00  Probe  
  13  0:12  Probe  
  14  0:20  Pylon  
  14  0:24  Probe  
  15  0:38  Gateway  
  15  0:43  Probe (Chrono Boost)  
  16  0:50  Assimilator  
  16  0:51  Probe (Chrono Boost)  
  17  0:57  Probe  
  18  1:09  Probe  
  19  1:11  Pylon  
  19  1:21  Probe, Assimilator  
  20  1:35  Probe  
  21  1:42  Cybernetics Core  
  21  2:01  Nexus  
  21  2:02  Probe  
  21  2:08  Assimilator  
  22  2:11  Warp Gate  
  22  2:14  Pylon  
  22  2:19  Probe  
  23  2:29  Stalker (Chrono Boost)  
  23  2:32  Probe  
  26  2:44  Probe  
  27  2:54  Robotics Facility  
  27  2:55  Gateway  
  26  3:02  Probe  
  27  3:09  Adept  
  29  3:14  Pylon  
  29  3:17  Probe x2 (Chrono Boost)  
  32  3:28  Probe (Chrono Boost)  
  32  3:29  Probe (Chrono Boost)  
  32  3:33  Probe (Chrono Boost)  
  33  3:36  Probe  
  35  3:42  Observer  
  35  3:45  Probe  
  35  3:48  Probe  
  38  3:50  Gateway  
  38  3:57  Probe  
  38  4:00  Probe  
  38  4:01  Sentry  
  42  4:09  Probe  
  43  4:12  Probe  
  43  4:14  Assimilator  
  44  4:19  Assimilator  
  44  4:21  Probe  
  45  4:24  Probe  
  46  4:32  Pylon  
  46  4:33  Probe  
  46  4:34  Pylon  
  46  4:36  Probe  
  46  4:37  Immortal (Chrono Boost)  
  53  4:45  Probe  
  53  4:50  Probe  
  54  4:53  Shield Battery  
  54  4:56  Shield Battery  
  54  4:57  Probe  
  54  4:58  Pylon  
  55  5:02  Probe  
  56  5:07  Shield Battery  
  56  5:09  Probe, Stalker x2  
  61  5:15  Probe  
  61  5:20  Phoenix  
  62  5:28  Nexus  
  62  5:31  Pylon  
  62  5:35  Probe x2  
  64  5:40  Twilight Council  
  64  5:50  Zealot  
  64  5:51  Zealot x2  
  64  5:55  Probe x2  
  72  6:05  Forge  
  72  6:07  Probe, Forge  
  73  6:21  Blink (Chrono Boost)  
  73  6:24  Stalker  
  73  6:25  Stalker  
  77  6:27  Stalker  
  79  6:35  Shield Battery  
  79  6:40  Photon Cannon  
  79  6:43  Probe x2  
  79  6:44  Photon Cannon  
  79  6:45  Photon Cannon  
  81  6:50  Photon Cannon  
  81  6:51  Protoss Ground Armor Level 1 (Chrono Boost)  
  81  6:52  Protoss Ground Weapons Level 1 (Chrono Boost)  
  81  6:53  Pylon  
  81  7:02  Robotics Bay  
  77  7:16  Stalker x2  
  78  7:34  Robotics Bay  
  78  7:46  Probe x2 (Chrono Boost)  
  81  7:51  Probe (Chrono Boost)  
  81  7:56  Probe x2 (Chrono Boost)  
  84  7:59  Probe (Chrono Boost)  
  84  8:04  Pylon  
  84  8:11  Gateway  
  84  8:14  Probe x3  
  84  8:17  Gateway  
  84  8:19  Colossus (Chrono Boost)  
  87  8:21  Templar Archives  
  87  8:24  Zealot x3  
  87  8:26  Probe  
  100  8:27  Probe x2  
  100  8:32  Assimilator  
  100  8:33  Assimilator  
  102  8:38  Probe  
  102  8:39  Probe x2  
  105  8:45  Extended Thermal Lance (Chrono Boost)  
  105  8:50  Charge  
  105  8:55  Gateway  
  105  8:56  Gateway  
  105  8:58  Gateway  
  105  9:07  High Templar x2  
  109  9:13  Pylon  
  109  9:14  Pylon  
  109  9:17  Pylon  
  109  9:19  Archon  
  109  9:20  Pylon  
  109  9:31  Colossus (Chrono Boost)  
  115  9:33  Pylon  
  115  9:38  Pylon  
  115  9:39  Nexus  
  115  9:42  High Templar x5  
  115  9:43  Pylon  
  125  9:46  Archon x2  
  125  9:53  High Templar  
  125  9:54  High Templar x2  
  125  9:55  Psionic Storm  
  125  9:57  Protoss Ground Weapons Level 2, Archon  
  125  9:58  Archon, Protoss Ground Armor Level 2  
  131  10:03  Probe x3  
  134  10:15  Probe x3  
  134  10:18  Colossus (Chrono Boost)  
  134  10:21  Stalker x2  
  113  10:53  Stalker x2  
  113  10:54  Stalker x6  
  103  11:08  Colossus (Chrono Boost)  
  95  11:20  Stalker x4  
  95  11:21  Stalker x3  
  103  11:53  Stalker x2  
  103  11:54  Stalker x5  
  117  12:07  Immortal (Chrono Boost)  
  121  12:21  Robotics Facility  
  121  12:22  Robotics Facility  
  121  12:26  Photon Cannon  
  121  12:27  Photon Cannon  
  121  12:29  Photon Cannon  
  121  12:32  Photon Cannon  
  121  12:35  Pylon  
  121  12:36  Shield Battery  
  121  12:39  Assimilator  
  121  12:40  Pylon, Immortal  
  121  12:43  Assimilator  
  125  13:03  Pylon  
  125  13:06  Pylon  
  125  13:11  Immortal  
  129  13:15  Immortal  
  133  13:23  Assimilator  
  133  13:24  Photon Cannon  
  133  13:26  Photon Cannon  
  133  13:27  Assimilator  
  121  13:41  Stalker x4  
  100  13:42  Stalker x3  
Tags
 
Matchup
PvT
Player
ViBE
Replay Pack
Gold_League
Spawn Locations
Cross Positions
Add a new tag
Caveats
  • Supply blocks, unpowered buildings, or Contaminate may cause inaccurate times.
  • Supply counts are checked every 10 seconds.